Cogmind - Beta 16.1 @@@ ROGUE MODE // 2026.02.14 @ 20:00:23 Player: Skergy Result: Destroyed by QL-LA2(R) with Subdweller Machine Gun Performance ------------- Evolutions (0) 0 Regions Visited (2) 400 Robots Destroyed (23) 115 Value Destroyed (644) 644 Prototype IDs (13) 260 Alien Tech Used (0) 0 Bonus (0) 0 TOTAL SCORE: 1419 Bonus ------- None Cogmind --------- Core Integrity 0/250 Matter 13/300 Energy 100/100 System Corruption 0% Temperature Cool (0) Movement Treading (260) Ox1 Location -10/Subcaves Parts ------- > --- POWER (1) -------- (None) > --- PROPULSION (2) --- Spiked Treads > --- UTILITY (2) ------ Large Storage Unit Hardened Light Armor Plating > --- WEAPON (2) ------- Subdweller Shrapnel Launcher Mining Claw > --- INVENTORY (15) --- Subdweller Power Source Meta Core High-capacity Matter Pod (200) High-capacity Matter Pod (200) Tractor Beam Subdweller Laser Subdweller Machine Gun Grenade Launcher 1B-0RG's Assimilator Datajack Peak State ------------ > --- POWER ------------ Ion Engine > --- PROPULSION ------- Light Treads Spiked Treads > --- UTILITY ---------- Large Storage Unit Hardened Light Armor Plating > --- WEAPON ----------- Autogun Subdweller Shrapnel Launcher > --- INVENTORY -------- Subdweller Power Source Meta Core Wheel High-capacity Matter Pod High-capacity Matter Pod Tractor Beam Subdweller Laser Subdweller Machine Gun Grenade Launcher 1B-0RG's Assimilator Mining Claw [Rating: 20] Favorites ----------- Power Ion Engine Engine Ion Engine Propulsion Light Treads Treads Light Treads Wheel Wheel Utility Large Storage Unit Device Seismic Detector Storage Large Storage Unit Protection Hardened Light Armor Plating Weapon Autogun Energy Gun EM Pulse Gun Ballistic Gun Autogun Launcher Subdweller Shrapnel Launcher Slashing Weapon Mining Claw Build | -11 -10 -10 ------- Run | Yrd Mat Sub Slots Evolved . | . . . Power . | . . . Propulsion . | . . . Utility . | . . . Weapon . | . . . Parts Attached 21 | 7 9 5 Power 2 | 1 1 . Engine 2 | 1 1 . Core . | . . . Reactor . | . . . Propulsion 4 | 2 . 2 Treads 3 | 2 . 1 Leg . | . . . Wheel 1 | . . 1 Hover . | . . . Flight . | . . . Utility 5 | 2 2 1 Device 1 | 1 . . Storage 2 | 1 1 . Processor . | . . . Hackware . | . . . Protection 2 | . 1 1 Artifact . | . . . Weapon 10 | 2 6 2 Energy Gun 2 | 1 1 . Energy Cannon . | . . . Ballistic Gun 4 | 1 2 1 Ballistic Cannon . | . . . Launcher 3 | . 2 1 Special Weapon . | . . . Impact Weapon . | . . . Slashing Weapon 1 | . 1 . Piercing Weapon . | . . . Special Melee Weapon . | . . . Unidentified Prototypes . | . . . Parts Lost 8 | . 2 6 Power 2 | . 1 1 Propulsion 2 | . . 2 Utility 1 | . . 1 Weapon 3 | . 1 2 Highest Loss Streak 2 | . 1 2 To Critical Strikes . | . . . Average Backups 11 | 4 10 12 Power . | . . . Propulsion 1 | 3 2 1 Utility 4 | . 3 4 Weapon 3 | 1 2 4 Tool/Special . | . . . Unused Backups 21 | . 6 15 Power 3 | . 1 2 Propulsion 3 | . 2 1 Utility 6 | . 1 5 Weapon 6 | . 2 4 Tool/Special 3 | . . 3 Average Slot Usage (%) 98 | . 98 99 Engine 13 | . 13 14 Treads 24 | . 27 22 Wheel 2 | . . 5 Device 3 | . 5 2 Storage 14 | . 14 14 Protection 10 | . 8 11 Energy Gun 1 | . 4 . Ballistic Gun 14 | . 13 14 Launcher 4 | . 3 5 Slashing Weapon 6 | . 6 7 Peak Build Rating 20 | 7 11 20 Average Rating 12 | 5 8 15 On Entrance 5 | . 7 10 Avg Prop Armor Cover (%) 10 | . . 10 Naked Turns . | . . . Heaviest Build 41 | 12 36 41 Greatest Support 40 | 40 40 40 Greatest Overweight (x) 4 | . 1 4 Average Overweight (x) 1 | . . 1 Largest Inventory Capacity 15 | 8 15 15 Average Capacity 13 | 7 11 15 Most Carried 15 | 7 14 15 Average Carried 12 | 5 10 14 Final Capacity 15 | 8 15 15 Final Carried 14 | 7 14 14 Class Distribution -------------------- 100% | Mutant Dominant Class ---------------- Mutant | -10/Materials Mutant | -10/Subcaves Resources | -11 -10 -10 ----------- Run | Yrd Mat Sub Matter Collected 1319 | 270 396 653 Remotely . | . . . Salvage Created 792 | 105 408 279 Parts 44 | 8 23 13 Haulers Intercepted . | . . . Recyclers Shooed . | . . . Parts Field Recycled . | . . . Retrieved Matter . | . . . Parts Self-Destructed 6 | . . 6 Prevented . | . . . Parts Restored . | . . . Kills | -11 -10 -10 ------- Run | Yrd Mat Sub Combat Hostiles Destroyed 17 | . 8 9 Melee 5 | . 5 . Guns 8 | . 1 7 AOE 4 | . 2 2 Classes Destroyed 6 | 2 3 1 Tunneler 2 | 2 . . Recycler 2 | 1 1 . Watcher 2 | . 2 . Swarmer 3 | . 3 . Grunt 5 | . 5 . Subdweller 9 | . . 9 Best Kill Streak 3 | 3 3 3 Combat Bots Only 3 | . 3 3 Max Kills in Single Turn 2 | 1 2 1 Gunslinging . | . . . Exploded 2 | . 2 1 Melee 1 | . 1 . Uniques/NPCs Destroyed . | . . . Combat | -11 -10 -10 -------- Run | Yrd Mat Sub Hostile Shots Fired 103 | . 50 53 Missed 26 | . 10 16 Hits 77 | . 40 37 Projectile 77 | . 40 37 AOE 2 | . . 2 Critical Strikes 3 | . . 3 Damage Taken 1475 | . 498 977 Core 264 | . 78 186 Absorbed by Shields . | . . . Core Remaining (%) 100 | 100 . . Volleys Fired 66 | 7 20 39 Largest 2 | 1 2 2 Hottest 70 | 40 70 63 Shots Fired 98 | 7 24 67 Gun 82 | 7 23 52 Cannon . | . . . Launcher 16 | . 1 15 Special . | . . . Kinetic 75 | . 10 65 Thermal 4 | . 4 . Explosive 3 | . 1 2 Electromagnetic 16 | 7 9 . Robot Hit Streak 19 | 3 4 19 Robot Miss Streak 3 | 1 3 2 Penetration Max . | . . . Secondary Targets 1 | . . 1 Max Gunslinging Chain 1 | . . 1 Shots Hit Robots 86 | 5 30 51 Core Hits 36 | 3 14 19 Critical Kills 1 | . . 1 Critical Parts Destroyed . | . . . Critical Strikes 2 | . . 2 Destroy 2 | . . 2 Melee Attacks 64 | . 29 35 Impact . | . . . Slashing 64 | . 29 35 Piercing . | . . . Sneak Attacks 1 | . 1 . Combat Hostiles . | . . . Follow-up Attacks . | . . . Damage Inflicted 2210 | 67 715 1428 Guns 860 | 67 156 637 Cannons . | . . . Explosions 905 | . 114 791 Melee 443 | . 443 . Ramming 2 | . 2 . Kinetic 1476 | . 67 1409 Thermal 48 | . 48 . Explosive 133 | . 114 19 Electromagnetic 108 | 67 41 . Impact . | . . . Slashing 443 | . 443 . Piercing . | . . . Highest Corruption . | . . . Average Corruption . | . . . Corruption Purged . | . . . Corruption Blocked . | . . . Overload Shots . | . . . Overflow Damage 16 | . 16 . Projectiles . | . . . Explosions . | . . . Melee 16 | . 16 . Knockbacks . | . . . Impact . | . . . Kinetic . | . . . Secondary . | . . . Self-Inflicted Damage 17 | . 15 2 Shots 2 | . 1 1 Rammed 1 | . 1 . Targets Rammed 1 | . 1 . Kicked . | . . . Crushed . | . . . Highest Temperature 277 | . 72 277 Average Temperature 65 | . 15 147 Received Heat Transfer 889 | . 222 667 Effects 1 | . . 1 Energy Bleed 1 | . . 1 Siege Activations . | . . . Martial Activations . | . . . Shielding Activations . | . . . Robots Disrupted . | . . . Combat Hostiles . | . . . Robots Corrupted . | . . . Combat Hostiles . | . . . Parts Fried . | . . . Impact Corruptions . | . . . Robots Melted . | . . . Combat Hostiles . | . . . Parts Melted 3 | . . 3 Heat Transferred 111 | . 111 . Parts Sabotaged . | . . . Parts Stolen . | . . . Parts Stripped . | . . . Power Chain Reactions . | . . . Alert | -11 -10 -10 ------- Run | Yrd Mat Sub Maximum Alert Level . | . . . Low Security (%) 100 | 100 100 . Level 1 . | . . . Level 2 . | . . . Level 3 . | . . . Level 4 . | . . . Level 5 . | . . . High Security . | . . . Max Security . | . . . Peak Influence 66 | 5 66 . Initial . | . . . Average 9 | 1 10 . Influence Increases 280 | 15 265 . Destroy 0b10 Robot/C 160 | . 160 . Destroy 0b10 Robot/NC 30 | 15 15 . Destroy Leader 34 | . 34 . Successful Hack 48 | . 48 . Destroy Structure 8 | . 8 . Influence Decreases 280 | 15 265 . Time Decay 280 | 15 265 . Squads Dispatched . | . . . Investigation . | . . . Extermination . | . . . Reinforcement . | . . . Assault . | . . . Garrison . | . . . Intercept . | . . . Searches Triggered . | . . . Construction Impeded . | . . . Haulers Reinforced . | . . . Active Scanning Responses . | . . . Cargo Convoy Interrupts . | . . . Stealth | -11 -10 -10 --------- Run | Yrd Mat Sub Distress Signals . | . . . Communications Jammed . | . . . Distress Signals . | . . . Times Spotted 27 | . 14 13 Peak Tracking Total 4 | . 3 4 Tactical Retreats . | . . . Traps | -11 -10 -10 ------- Run | Yrd Mat Sub Traps Triggered 3 | . 3 . Indirectly . | . . . Trap Hack Attempts . | . . . Triggered . | . . . Disarmed . | . . . Reprogrammed . | . . . Reused . | . . . Traps Extracted . | . . . Installed . | . . . Triggered . | . . . Machines | -11 -10 -10 ---------- Run | Yrd Mat Sub Machines Disabled 1 | . . 1 Max in Single Turn 1 | . . 1 Machines Repaired . | . . . Machines Dismantled . | . . . Machines Sabotaged . | . . . Overloaded Fab Kills . | . . . Hacking | -11 -10 -10 --------- Run | Yrd Mat Sub Machines Accessed 8 | . 7 1 Terminals 6 | . 6 . Fabricators . | . . . Repair Stations . | . . . Recycling Units 1 | . 1 . Scanalyzers . | . . . Garrison Access . | . . . Total Hacks 32 | . 31 1 Successful 20 | . 19 1 Failed 12 | . 12 . Catastrophic 2 | . 2 . Database Lockouts . | . . . Manual 20 | . 20 . Terminals 25 | . 25 . Fabricators . | . . . Repair Stations . | . . . Recycling Units 6 | . 6 . Scanalyzers . | . . . Garrison Access . | . . . Terminal Hacks 5 | . 4 1 Terminal Index 1 | . 1 . Patrol Status 1 | . 1 . Registered Components 1 | . 1 . Zone Layout 1 | . 1 . Proto ID Catalog 1 | . . 1 Fabricator Hacks . | . . . Repair Station Hacks . | . . . Recycling Unit Hacks 2 | . 2 . Report Inventory 1 | . 1 . Retrieve Components 1 | . 1 . Scanalyzer . | . . . Garrison Access Hacks . | . . . Unauthorized Hacks 13 | . 13 . Terminals 10 | . 10 . Track 2 | . 2 . Assimilate 2 | . 2 . Botnet 4 | . 4 . Disrupt 1 | . 1 . Operators 1 | . 1 . Fabricators . | . . . Repair Stations . | . . . Recycling Units 3 | . 3 . Reject 1 | . 1 . Recyclers 1 | . 1 . Mask 1 | . 1 . Scanalyzers . | . . . Garrison Access . | . . . Data Cores Recovered . | . . . Used . | . . . Hacking Detections 7 | . 7 . Full Trace Events 1 | . 1 . Feedback Events . | . . . Feedback Blocked . | . . . Robot Schematics Acquired . | . . . Robots Built . | . . . Authchips . | . . . Time . | . . . Total Robot Build Rating . | . . . Part Schematics Acquired . | . . . Parts Built . | . . . Authchips . | . . . Time . | . . . Total Part Build Rating . | . . . Part Studies Acquired . | . . . Parts Repaired . | . . . Time . | . . . Parts Recycled . | . . . Recycled Matter . | . . . Retrieved Matter . | . . . Retrieved Components 3 | . 3 . Parts Scanalyzed . | . . . Part Schematics Acquired . | . . . Parts Damaged . | . . . Bothacking | -11 -10 -10 ------------ Run | Yrd Mat Sub Used RIF Installer . | . . . Robots Hacked . | . . . Non-combat . | . . . Combat . | . . . Robot Hacks Applied . | . . . Relay Couplers Released . | . . . Fabnet Peak Effective % . | . . . Robots Rewired . | . . . Allies Hacked . | . . . Hacks Repelled . | . . . Allies | -11 -10 -10 -------- Run | Yrd Mat Sub Total Allies 1 | . 1 . Largest Group 1 | . 1 1 Highest-Rated Group 10 | . 10 10 Highest-Rated Ally 10 | . 10 10 Total Orders . | . . . Ally Attacks . | . . . Total Damage . | . . . Kills . | . . . Allies Corrupted . | . . . Allies Melted . | . . . Intel | -11 -10 -10 ------- Run | Yrd Mat Sub Active Infowar (turns) 828 | 34 533 261 Seismic 828 | 34 533 261 Robot Analysis Total . | . . . Derelict Logs Recovered 1 | . . 1 Drone Launches . | . . . Drone Recoveries . | . . . Exploration | -11 -10 -10 ------------- Run | Yrd Mat Sub Turns Passed 3221 | 110 1367 1744 Spaces Moved 1617 | 49 571 997 Core 4 | 4 . . Treads 1169 | 45 571 553 Legs . | . . . Wheels 444 | . . 444 Hover . | . . . Flight . | . . . Fastest Speed 50 | 50 160 125 Average Speed 154 | 151 161 150 Slowest Speed 260 | 160 240 260 Overloaded Moves . | . . . Propulsion Burnouts . | . . . Robots Hopped . | . . . Potential Cave-ins 2 | . . 2 Cave-ins Triggered . | . . . Exploration Rate (%) 50 | 4 94 53 Regions Visited 2 Branch Regions 1 Pre-discovered Areas . | . . . Known Exits Taken . | . . . Unknown Exits Taken 2 | 1 1 . Scrap Searched 5 | . . 5 Spaces Dug 10 | . 2 8 Terrain Destroyed 164 | . 7 157 Melee 10 | . 2 8 Projectile . | . . . AOE 154 | . 5 149 Terrain Rammed . | . . . Walls Destroyed . | . . . Machines Disabled . | . . . Actions | -11 -10 -10 --------- Run | Yrd Mat Sub Total 2131 | 75 938 1118 Wait 288 | 5 274 9 Move 1615 | 48 570 997 Hop . | . . . Pick Up 34 | 8 17 9 Fast Attach 14 | 6 8 . Attach 8 | 1 2 5 Detach 1 | . . 1 Swap 19 | . 6 13 Drop 21 | . 11 10 Fire 66 | 7 20 39 Melee 64 | . 29 35 Ram . | . . . Kick . | . . . Crush 1 | . 1 . Escape Stasis . | . . . Rewire . | . . . Trap . | . . . Miscellaneous . | . . . Route ------- -11/Scrapyard -10/Materials (discovered 6 exits: [*Mat x3] / [*Min x2] / *Sub) -10/Subcaves (discovered 1 exit: [*Mat]) History --------- Turn | Location | Event 29 | -11/Scrapyard | Discovered new exit (range 15) 111 | -11/Scrapyard | Entered Materials 317 | -10/Materials | Discovered new exit (range 15) 320 | -10/Materials | Build established: Mutant 578 | -10/Materials | Discovered new exit (range 16) 810 | -10/Materials | Discovered new exit (range 9) 1059 | -10/Materials | Discovered new exit (range 14) 1199 | -10/Materials | Discovered new exit (range 12) 1455 | -10/Materials | Discovered new exit (range 9) 1478 | -10/Materials | Entered Subcaves 1478 | -10/Subcaves | Accompanied by 1 ally 1688 | -10/Subcaves | Shifting Twisted Machinery released Sub. Laser 1788 | -10/Subcaves | Shifting Twisted Machinery released Flamer 1935 | -10/Subcaves | Discovered new exit (range 7) 2080 | -10/Subcaves | Core integrity fell below 50% 2189 | -10/Subcaves | Visited 4L-MR0's lab 2210 | -10/Subcaves | Found Meta Core 2222 | -10/Subcaves | Found Prototype Special Melee Weapon 3136 | -10/Subcaves | Ambushed by Subdweller buried in earth 3157 | -10/Subcaves | Core integrity fell below 20% 3222 | -10/Subcaves | Destroyed by QL-LA2(R) with Subdweller Machine Gun Last Messages --------------- 03008_ Found Sub. Laser. 03008_ Found 50 Matter. 03009_ Acquired 4 matter. 03010_ Searching scrap... 03010_ Found Sub. Optics. 03010_ Found Sub. Laser. 03010_ Found 68 Matter. 03112_ Destroyed Scrap Shield. 03112_ ZG-BN5(R) destroyed. 03127_ 0P-9BF(R): "ARGHSUB!" 03128_ 4I-90D(R) destroyed. 03129_ QL-LA2(R): "GOODGOOD!" 03137_ G1-5VR(R): "NOSTUCKSUB!" 03139_ 0P-9BF(R) destroyed. 03140_ T2-IDF(R): "ARGHSUB!" 03148_ JY-57X(R): "ARGHSUB!" 03152_ Autogun destroyed. 03154_ The unstable cave ceiling collapses. 03220_ Wheel destroyed. 03220_ Ion Engine destroyed. Map ----- +----------------------------------------------------+ | ??????###### #####????????????? | | ??????#""" ## " ! #????????????? | | ??????#""" ## ""## # # ## #????????????? | | ???????# ####### ###### #????????????? | | #####???# #### #????# ##???????????? | | ##### < "# #####???## ##??????????? | | # """"" """"" ##???##??# ##?????????? | | ## """"" """"" ##?## ##?# #?????????? | | ?## """"""##""# ### ### ### #?????????? | | ??# "##""## "#### " ###??## #?????????? | | ###"" """#" #??##" #????##= ##?????????? | | " | " " #???## ###????# #??????????? | | " " " "#???### ##??????# #??????????? | | "" #""#"###?????####???????# ##?????????? | | " ########??####??????????# #?????????? | | " ### ##?#" #???????#### #?????????? | | #??# #??????## # #?????????? | | ##??# ##??### #?????????? | | ########## #??# ### # #?????????? | | #????????### #??# ## ##?????????? | | ???????????# #?## # ###??????????? | | ???????????# ### ####??????????? | | ???????????# ## # ##?????????? | | ??????????## ;;;;##????????? | | ??????????# ### & #????????? | | ??????????# ######?##@ |& #????????? | | ??????????# ##?????## & ;& ##????????? | | ??????????# ##?#### ;; ;#????????? | | ??????????# ### ;#????????? | | ??????????## #;#????????? | | ???????????## ### #####????????? | | ????????????## #### #####????????????? | | ?????????????#########?# ##????????????????? | | ???????????????????????# ####??????????????? | | ???????????????????????# ### ##?????????????? | | ???????????????????????## #### #?????????????? | | ????????????????????????# ##?# #?????????????? | | ???????????????????????## ##?#"" #####?????????? | | ???????????????????????# R #?#" ##????????? | | ???????????????????????# "R##?## #????????? | | ???????????????????????# """#??# ##????????? | | ???????????????????##### ""##??# #?????????? | | ??????????????????##&!"## "##??## #?????????? | | ??????????????????#"[#!#" ""##??# ##????????? | | ??????????????????#%!# & " ""#### #????????? | | ??????????????????#["# #" " ""## #????????? | | ??????????????????#%#### """ "" ##????????? | | ??????????????????###?#" "" " "" #?????????? | | ??????????????????????### """ "#### #?????????? | | ????????????????????????## "##?## ##?????????? | +----------------------------------------------------+ Best States ------------- Heat Dissipation 25 Energy Generation 10 Energy Capacity 250 Matter Stores 300 Matter Capacity 300 Sight Range 16 Terrain Scan Density 10 Armor Coverage 150 Evasion (%) 40 Recoil Reduction 2 Item Schematics ----------------- None Robot Schematics ------------------ None Fabricated ------------ Nothing Repaired ---------- Nothing Studied --------- None Alien Tech Used ----------------- None Achievements -------------- None Challenges ------------ None Game ------ Seed ScrapGaussKit Manual? 0 Play Time 00:27:33 Cumulative 126.2 hours Start 2026.02.14 @ 19:34:53 End 2026.02.14 @ 20:00:23 Sessions 1 Manual Loads 0 Difficulty Rogue Special Mode None Game No. 135 Rogue 135 Adventurer 0 Explorer 0 Win Type - Total 4 Types 4/0/0/0/0/0/0/0/0/0 Lore% 68 Gallery% 52 Achievement% 41 Wizard Run 0 Options --------- Layout 0 ASCII 0 Keyboard 1 Movement Vi Keybinds 0 Fullscreen 1 Font 24/Terminus Map View 76x50 Zoom Use 0% Tactical HUD 1 Map Filters NONE Filters NONE Steam 1 RUN: 7278bb3c-2cee-41bb-a1fd-b95079262369